 Dungeon Crawl Stone Soup version 0.26.1-11-gd32895ea62 (webtiles) character file.

Game seed: 3333632023231171826

35 jlumianski the Caller (level 3, -3/14 HPs)
             Began as a Felid Summoner on May 3, 2021.
             Killed from afar by Natasha (8 damage)
             ... with a magic dart
             ... on level 2 of the Dungeon.
             The game lasted 00:11:02 (1940 turns).

jlumianski the Caller (Felid Summoner)              Turns: 1940, Time: 00:11:03

Health: -3/14      AC:  1    Str:  4    XL:     3   Next: 16%
Magic:  7/7        EV: 18    Int: 17    God:
Gold:   69         SH:  0    Dex: 16    Spells: 4/7 levels left
                                        Lives:  0   Deaths: 0

rFire    . . .     SeeInvis +   (weapon unavailable)
rCold    . . .     Faith    .   (shield unavailable)
rNeg     . . .     Spirit   .   (armour unavailable)
rPois    .         Reflect  .   (helmet unavailable)
rElec    .         Harm     .   (cloak unavailable)
rCorr    .         Rampage  .   (gloves unavailable)
Will     .....                  (boots unavailable)
Stlth    +++.......             (no amulet)
HPRegen  0.04/turn              (no ring)
MPRegen  0.10/turn              (no ring)

@: quick
A: very small, no armour, no weapons or thrown items, stealth, claws 1, fangs 3,
see invisible, speed 1, shaggy fur 1, sharp paws
a: no special abilities


You were on level 2 of the Dungeon.
You visited 1 branch of the dungeon, and saw 2 of its levels.

You collected 69 gold pieces.

Inventory:

Jewellery
 f - a cursed amulet of inaccuracy
Scrolls
 b - a scroll of remove curse
 c - 2 scrolls of identify
 i - 2 scrolls of teleportation {unknown}
Potions
 d - a potion of ambrosia {unknown}
 e - a potion of haste {unknown}
 g - a potion of magic {unknown}


   Skills:
 + Level 3.0 Dodging
 + Level 2.9 Stealth
 + Level 0.4 Unarmed Combat
 + Level 2.5 Spellcasting
 + Level 4.4 Summonings


You had 4 spell levels left.
You knew the following spells:

 Your Spells              Type           Power        Failure   Level
a - Summon Small Mammal   Summ           68%          3%          1
b - Call Imp              Summ           17%          4%          2

Your spell library contained the following spells:

 Spells                   Type           Power        Failure   Level
 Call Canine Familiar     Summ           17%          9%          3
 Summon Guardian Golem    Hex/Summ       9%           22%         3
 Summon Ice Beast         Ice/Summ       9%           58%         4
 Summon Lightning Spire   Summ/Air       9%           58%         4


Dungeon Overview and Level Annotations

Branches:
Dungeon (2/15)

Altars:
Elyvilon

Annotations:
D:2 Jessica, Natasha


Innate Abilities, Weirdness & Mutations

You cannot wear armour.
You are incapable of wielding weapons or throwing items.
Your paws allow you to move quietly. (Stealth)
You have sharp claws.
You have razor-sharp teeth.
You have supernaturally acute eyesight. (SInv)
You cover ground quickly.
You are covered in fur. (AC +1)
Your sharp claws are effective at attacking unaware monsters.


Message History

Your quokka's corpse disappears in a puff of smoke!
Casting: Summon Small Mammal (safe; 3% risk of failure)
Confirm with . or Enter, or press ? or * to list all spells.
You swap places.
Your quokka bites the frilled lizard.
The frilled lizard dies!
You swap places.
You start resting.
Magic restored.
You see here a frilled lizard corpse.
Natasha is nearby!
A quokka comes into view.
Natasha claws you!
Ouch! That really hurt!
Found 14 gold pieces.
Your quokka misses Natasha.
Your quokka disappears in a puff of smoke!
Natasha stares at you and mumbles some strange words.
The magic dart hits you!
Ouch! That really hurt!
You die...

#.........# .$.....
#####<....#
..........#######.#.#
....$.....5lhb5...#.#
.........##########..
....... #### .....
####'#.####################
......§§r..h..@..†........#
#..#.§.....##############.#
#.......# #.# #.......####
#.# #.##.#### #.# # ..$ #.#
### #.# #.#### #.#..#


You could see Natasha and a quokka.

Vanquished Creatures
  A leopard gecko (D:1)
  A bat (D:1)
  A giant cockroach (D:1)
  2 goblins
  A rat (D:2)
6 creatures vanquished.

Vanquished Creatures (collateral kills)
  2 adders (D:2)
  A worm (D:2)
  A leopard gecko (D:1)
  A giant cockroach (D:1)
  2 hobgoblins (D:1)
  3 jackals (D:2)
  4 kobolds (D:1)
  2 bats (D:1)
  A frilled lizard (D:2)
  2 rats (D:1)
19 creatures vanquished.

Grand Total: 25 creatures vanquished

Notes
Turn   | Place    | Note
-------+----------+-------------------------------------------
     0 | D:1      | jlumianski the Felid Summoner began the quest for the Orb.
     0 | D:1      | Reached XP level 1. HP: 7/7 MP: 4/4
   624 | D:1      | Reached XP level 2. HP: 11/11 MP: 4/6
   627 | D:1      | Learned a level 2 spell: Call Imp
  1608 | D:2      | Noticed Jessica
  1616 | D:2      | Noticed Natasha
  1632 | D:2      | Noticed a crimson imp
  1723 | D:2      | Found a white marble altar of Elyvilon.
  1787 | D:2      | Reached XP level 3. HP: 13/14 MP: 3/7
  1940 | D:2      | Killed from afar by Natasha

Illustrated notes

Levels and vault maps discovered:
D:1:      dpeg_arrival_pond, layout_basic, minmay_door_square
D:2:      minmay_spotlight, layout_basic, overflow_temple_1_default,
          uniq_jessica, uniq_natasha

Skill      XL: |  1  2 |
---------------+-------+-----
Dodging        | 3 |  3.0
Stealth        | |  2.9
Unarmed Combat | |  0.4
Spellcasting   | |  2.5
Summonings     | |  4.4

Action                   || total
-------------------------++-------
Melee: Unarmed           ||    21
       Bite              ||     3
 Cast: Summon Small Mamm ||    43
       Call Imp          ||     3
  Use: Scroll            ||     4
       Potion            ||     2
 Stab: Sleeping          ||     4
Armor: Skin              ||     4
Dodge: Dodged            ||    40
